 Dungeon Crawl Stone Soup version 0.30-a0-12-gd8047c6341 (webtiles) character file.

Game seed: 6833493629929503640

230873 Flugkiller the Executioner (level 18, -3/170 HPs)
             Began as a Minotaur Fighter on Aug 23, 2022.
             Was a High Priest of Qazlal.
             Slain by a frost giant
             ... wielding a +2 battleaxe of freezing
              (19 damage)
             ... on level 1 of the Depths.
             The game lasted 00:21:42 (26800 turns).

Flugkiller the Executioner (Minotaur Fighter)      Turns: 26800, Time: 00:21:42

Health: -3/170     AC: 31    Str: 28    XL:     18   Next: 34%
Magic:  19/27      EV: 18    Int:  5    God:    Qazlal [*****.]
Gold:   160        SH:  6    Dex: 21    Spells: 17/17 levels left

rFire   + . .      SeeInvis +    C - +4 executioner's axe of the Twisting Asp {freeze, Dex+4 SInv}
rCold   + . .      Faith    .    (shield currently unavailable)
rNeg    . . .      Spirit   .    L - +2 gold dragon scales
rPois   +          Reflect  .    s - +2 hat
rElec   +          Harm     .    O - +0 cloak
rCorr   .          Rampage  +    J - +1 pair of gloves "Eciuba Raepp" {rElec}
Will    +....                    o - +1 pair of boots {rampage}
Stlth   ..........               D - amulet of regeneration
HPRegen 1.18/turn                R - +6 ring of strength
MPRegen 0.20/turn                v - +4 ring of evasion

@: protected from physical damage, corroded, repel missiles
A: horns 2, retaliatory headbutt
}: 2/15 runes: barnacled, gossamer
a: Renounce Religion, Upheaval, Elemental Force, Disaster Area


You were on level 1 of the Depths.
You worshipped Qazlal.
Qazlal was extremely pleased with you.
You visited 7 branches of the dungeon, and saw 32 of its levels.
You also visited: Sewer and Ice Cave.

You collected 2842 gold pieces.
You spent 2682 gold pieces at shops.

Inventory:

Hand Weapons
 C - the +4 executioner's axe of the Twisting Asp (weapon) {freeze, Dex+4 SInv}
   (You acquired it on level 12 of the Dungeon)

   It freezes those it strikes, dealing additional cold damage.
   It can also slow down cold-blooded creatures.
   Dex:       It affects your dexterity (+4).
   SInv:      It lets you see invisible.
 N - a +1 vorpal broad axe
   (You found it on level 7 of the Dungeon)
 U - a +3 broad axe
   (You took it off a death knight on level 14 of the Dungeon)
Missiles
 B - 3 throwing nets
 Q - 36 boomerangs (quivered)
Armour
 j - the +6 plate armour of the Slightly Bent {Dex+2}
   (You found it on level 1 of the Lair of Beasts)

   Dex:       It affects your dexterity (+2).
 o - a +1 pair of boots of rampaging (worn)
   (You found it on level 4 of the Spider Nest)
 s - a +2 hat (worn)
   (You took it off Gastronok on level 3 of the Lair of Beasts)
 E - a +0 kite shield
   (You took it off a gnoll sergeant on level 8 of the Dungeon)
 J - the +1 pair of gloves "Eciuba Raepp" (worn) {rElec}
   (You found it on level 9 of the Dungeon)

   rElec:     It insulates you from electricity.
 L - +2 gold dragon scales (worn)
   (You bought it in a shop on level 2 of the Orcish Mines)
 O - a +0 cloak (worn)
   (You found it on level 8 of the Dungeon)
 Y - the +1 pair of boots "Ditov" {*Corrode rPois Str+2 Dex+3}
   (You bought it in a shop on level 15 of the Dungeon)

   Str:       It affects your strength (+2).
   Dex:       It affects your dexterity (+3).
   rPois:     It protects you from poison.
   *Corrode:  It may corrode you when you take damage.
Jewellery
 b - an amulet of faith
   (You found it on level 11 of the Dungeon)
 i - a ring of see invisible
   (You found it on level 4 of the Lair of Beasts)
 k - a ring of resist corrosion
   (You found it on level 2 of the Dungeon)
 v - a +4 ring of evasion (right hand)
   (You found it on level 10 of the Dungeon)
 D - an amulet of regeneration (around neck)
   (You found it on level 7 of the Dungeon)
 P - an amulet of the acrobat
   (You found it on level 8 of the Dungeon)
 R - a +6 ring of strength (left hand)
   (You found it on level 5 of the Lair of Beasts)
 T - a +6 ring of strength
   (You found it on level 13 of the Dungeon)
Wands
 g - a wand of digging (1)
   (You found it on level 1 of the Lair of Beasts)
 u - a wand of charming (21)
   (You found it on level 3 of the Dungeon)
 M - a wand of mindburst (1)
   (You found it on level 10 of the Dungeon)
 V - a wand of iceblast (1)
   (You found it on level 14 of the Dungeon)
Scrolls
 c - 3 scrolls of fog
 f - 5 scrolls of immolation
 l - 5 scrolls of magic mapping
 m - 4 scrolls of vulnerability
 r - a scroll of identify
 t - 5 scrolls of teleportation
 z - 5 scrolls of blinking
 K - 4 scrolls of fear
 W - a scroll of summoning
 X - 5 scrolls of enchant weapon
Potions
 d - 5 potions of might
 e - 3 potions of magic
 h - 2 potions of haste
 n - 2 potions of resistance
 q - 11 potions of curing
 w - a potion of heal wounds
 x - 5 potions of mutation
 y - 6 potions of flight
 G - 8 potions of lignification
 H - 10 potions of ambrosia
 I - 2 potions of invisibility
 S - a potion of berserk rage
Miscellaneous
 F - a condenser vane (inert)
   (You found it on level 3 of the Lair of Beasts)


   Skills:
 + Level 17.5 Fighting
 + Level 22.5 Axes
 + Level 17.4 Armour
 + Level 13.6 Dodging
 - Level 4.9 Shields
 - Level 14.0 Invocations
 - Level 6.0 Evocations


You had 17 spell levels left.
You didn't know any spells.
Your spell library was empty.

Dungeon Overview and Level Annotations

Branches:
Dungeon (15/15)            Temple (1/1) D:6            Lair (5/5) D:9
 Shoals (4/4) Lair:3       Spider (4/4) Lair:2        Slime (0/5) Lair:5
    Orc (2/2) D:11            Elf (0/3) Orc:2        Vaults (0/5) D:13
 Depths (1/4) D:15          Sewer (visited)           IceCv (visited)

Altars:
Ashenzari
Dithmenos
Elyvilon
Fedhas
Gozag
Hepliaklqana
Kikubaaqudgha
Makhleb
Nemelex Xobeh
Okawaru
Qazlal
Ru
Sif Muna
Trog
Uskayaw
Vehumet
Wu Jian
Xom
Yredelemnul
Zin
The Shining One
Jiyva

Shops:
D:7 :   D:8 *   D:15 [*   Orc:2 [:(*   Shoals:1 *   Shoals:4 [

Annotations:
D:15 3 runed translucent doors, Semoopse's ghost, adept GrEE
Shoals:2 Roxanne
Spider:1 exclusion: oklob plant
Orc:1 2 transporters, Wirphemij's ghost, journeyman DgFi
Depths:1 1 runed translucent door, Kuys's ghost, veteran NaVM


Innate Abilities, Weirdness & Mutations

You have a pair of horns on your head.
You reflexively headbutt those who attack you in melee.


Message History

You slash the frost giant zombie!
The brown very ugly thing is engulfed in freezing vapours.
The brown very ugly thing barely misses you.
The golden dragon skeleton bites you but does no damage.
The golden dragon skeleton misses you.
The golden dragon skeleton barely misses you.
The frost giant casts a spell at you.
The bolt of cold hits the golden dragon skeleton.
The golden dragon skeleton resists.
The bolt of cold misses you.
The frost giant zombie hits you but does no damage.
The brown ugly thing barely misses you. You furiously retaliate!
You headbutt the brown ugly thing! You slice the golden dragon skeleton!!
You freeze the golden dragon skeleton.
The golden dragon skeleton is almost destroyed.
You slash the frost giant zombie! You closely miss the brown ugly thing.
You slice the brown very ugly thing!! You freeze the brown very ugly thing.
Your protection from cold is fading.
The brown very ugly thing is engulfed in freezing vapours.
The brown very ugly thing bites you but does no damage.
You block the golden dragon skeleton's attack.
The golden dragon skeleton closely misses you.
You block the golden dragon skeleton's attack.
You slice the golden dragon skeleton!!
You destroy the golden dragon skeleton!
Qazlal accepts your kill.
You barely miss the brown ugly thing.
You closely miss the brown very ugly thing.
You slash the frost giant zombie!
The necromancer gestures at you while chanting.
The bolt of negative energy hits the frost giant!!
The frost giant is drained!
The bolt of negative energy hits you.
You feel drained. The frost giant zombie hits you!
The brown very ugly thing closely misses you.
You hit the frost giant zombie.
You headbutt the frost giant zombie, but do no damage.
The frost giant zombie is severely damaged.
You barely miss the brown very ugly thing.
You completely miss the frost giant. You slice the brown ugly thing!!
You freeze the brown ugly thing! You slice the brown very ugly thing!!
You freeze the brown very ugly thing.
The brown ugly thing completely misses you.
The frost giant hits you with a +2 battleaxe of freezing!!
The frost giant freezes you.
The brown very ugly thing basks in the mutagenic energy from its kin and changes!
The brown very ugly thing kicks you.
You are splashed with acid!
* * * LOW HITPOINT WARNING * * *
You are too injured to fight recklessly!
You are too injured to fight recklessly!
You are too injured to fight recklessly!
You slash the frost giant!
You headbutt the frost giant, but do no damage.
The frost giant is heavily wounded.
You barely miss the necromancer. You slash the brown ugly thing!
You freeze the brown ugly thing. You slash the brown very ugly thing!
You freeze the brown very ugly thing.
You closely miss the green very ugly thing.
The frost giant misses you.
The brown ugly thing tentacle-slaps you!
* * * LOW HITPOINT WARNING * * *
You are splashed with acid!
* * * LOW HITPOINT WARNING * * *
Nature churns violently around you!
The blast of rubble hits the necromancer!!!
You kill the necromancer!
Qazlal accepts your kill.
The blast of rubble hits the green very ugly thing!!
The green very ugly thing is severely wounded.
The brown very ugly thing completely misses you.
You block the frost giant's attack. The brown ugly thing barely misses you.
You furiously retaliate!
You headbutt the brown ugly thing!
You kill the brown ugly thing!
Qazlal accepts your kill.
You slash the frost giant! You freeze the frost giant.
The frost giant is heavily wounded.
You slash the green very ugly thing! You freeze the green very ugly thing.
You hit the frost giant zombie. You slice the brown very ugly thing!!
You freeze the brown very ugly thing. The brown very ugly thing misses you.
The green very ugly thing tail-slaps you!
* * * LOW HITPOINT WARNING * * *
The frost giant zombie hits you!
* * * LOW HITPOINT WARNING * * *
Your resistance to cold fades away.
You feel protected from physical attacks.
The frost giant hits you but does no damage.
You slice the frost giant!!
The frost giant is severely wounded.
You slash the brown very ugly thing! You freeze the brown very ugly thing.
You slash the green very ugly thing! You freeze the green very ugly thing.
You kill the green very ugly thing!
Qazlal accepts your kill.
You slash the frost giant zombie!
The brown very ugly thing barely misses you.
Your life force feels restored.
You closely miss the brown very ugly thing.
Your headbutt misses the brown very ugly thing.
The brown very ugly thing is almost dead.
You hit the frost giant but do no damage.
You slash the frost giant zombie!
The frost giant is struck by lightning.
The frost giant hits you with a +2 battleaxe of freezing!!
You die...

......)[[[...#∩...∩#..
..~..........#.....#.
.~~..........#∩...∩#
~≈~..........#e...P
~≈~≈.........#W...
~~≈..........###+#
.....○.......)...
.........☼......
.....°§@C○.....
......u§Z......
.≈.........≈...
.>.≈.......≈...
..........≈≈...
.............~~
.≈.........≈≈~~
.............~≈


You could see a frost giant (invisible, drained), a brown very ugly thing, a
deep elf annihilator, Kuys's ghost and a frost giant zombie.

Vanquished Creatures
  Saint Roka (Orc:2)
  Nikola (Spider:4)
  Mlioglotl (Shoals:3)
  Jorgrun (D:12)
  Frances (D:13)
  Polyphemus (Shoals:2)
  Gastronok (Lair:3)
  Kirke (Shoals:4)
  Ilsuiw (Shoals:2)
  A frost giant (Shoals:4)
  5 ghost moths
  5 emperor scorpions
  Aizul (Shoals:3)
  A broodmother (Spider:1)
  3 very ugly things (Depths:1)
  A stone giant (Depths:1)
  6 entropy weavers
  7 spark wasps
  An ettin (Depths:1)
  3 jiangshi (Depths:1)
  6 merfolk impalers
  5 merfolk javelineers
  Fannar (Lair:1)
  An ice dragon (Depths:1)
  3 boulder beetles
  A jorogumo (Spider:4)
  A catoblepas (Shoals:1)
  7 hydras
  A death knight (D:14)
  2 radroaches (Spider:4)
  7 centaur warriors
  2 ogre magi
  9 two-headed ogres
  2 merfolk avatars
  2 satyrs
  2 death yaks (Shoals:2)
  2 alligators (Lair:3)
  4 alligator snapping turtles
  6 merfolk aquamancers
  A vampire mage (Depths:1)
  Urug (Lair:5)
  2 orc high priests (Orc:2)
  2 spriggan berserkers (Depths:1)
  A sun moth (Spider:4)
  2 pharaoh ants
  A goliath frog (Lair:3)
  10 sea snakes
  2 swamp dragons (Lair:3)
  5 steelbarb worms
  11 orb spiders
  A steelbarb worm (shapeshifter) (D:14)
  A deep elf zephyrmancer (D:15)
  A golden dragon skeleton (Depths:1)
  A deep elf pyromancer (D:14)
  12 harpies
  8 orc knights
  12 manticores
  20 wolf spiders
  15 ugly things
  2 necromancers
  4 orc sorcerers
  3 moths of wrath
  8 fauns
  A frost giant skeleton (Depths:1)
  2 cyclopes
  10 elephants
  6 merfolk sirens
  4 torpor snails
  5 black mambas
  2 naga magi (D:15)
  Maurice (Orc:1)
  7 water nymphs
  11 cane toads
  2 gargoyles
  3 yaktaurs (D:15)
  A centaur skeleton (D:15)
  15 komodo dragons
  5 freezing wraiths (D:14)
  4 rime drakes
  7 demonic crawlers
  A redback zombie (D:15)
  2 tengu conjurers (D:13)
  A meliai (shapeshifter) (D:15)
  2 kobold demonologists (D:12)
  5 trolls
  3 polar bears
  A queen bee (shapeshifter) (D:13)
  Grinder (D:6)
  17 tarantellas
  8 wind drakes
  7 meliai
  A tyrant leech (Lair:3)
  A queen bee (Lair:4)
  7 hornets
  A spriggan zombie (Depths:1)
  26 merfolk
  13 blink frogs
  9 slime creatures
  9 snapping turtles
  8 dream sheep (Lair:5)
  16 jumping spiders
  16 culicivoras
  A wraith (D:14)
  2 vampires
  A centaur simulacrum (D:15)
  14 spriggans
  15 water elementals
  10 wyverns
  3 basilisks
  5 hogs (Shoals:4)
  2 humans (D:10)
  3 steam dragons
  48 yaks
  48 redbacks
  10 vampire mosquitoes
  Menkaure (D:6)
  3 wargs
  4 swamp worms (Lair:3)
  15 water moccasins
  9 black bears
  4 sky beasts (D:7)
  An ice beast (D:7)
  38 orc warriors
  8 boggarts
  36 wolves
  9 ogres
  3 centaurs
  A phantom (D:6)
  3 kobold brigands
  16 bullfrogs
  2 gnoll sergeants
  3 necrophages
  2 scorpions
  4 wights (D:9)
  31 killer bees
  An electric eel (D:15)
  8 howler monkeys
  23 orc priests
  2 hounds
  2 jellies
  Jessica (D:3)
  An iguana (D:4)
  20 orc wizards
  Natasha (twice) (D:2)
  16 gnolls
  5 river rats
  9 adders
  A white imp (D:5)
  2 worms
  3 dart slugs
  94 orcs
  8 ball pythons
  6 bats
  5 endoplasms
  3 giant cockroaches
  10 goblins
  6 hobgoblins
  5 jackals
  21 kobolds
  2 quokkas (D:2)
  4 frilled lizards (D:3)
  9 rats
1098 creatures vanquished.

Vanquished Creatures (others)
  A phantasmal warrior (D:14)
  A water nymph (Shoals:2)
  30 fungi
  99 plants
131 creatures vanquished.

Grand Total: 1229 creatures vanquished

Notes
Turn   | Place    | Note
-------+----------+-------------------------------------------
     0 | D:1      | Flugkiller the Minotaur Fighter began the quest for the
                  | Orb.
     0 | D:1      | Reached XP level 1. HP: 19/19 MP: 0/0
    58 | D:1      | You fall into a shaft and drop 1 floor!
   356 | D:1      | Reached XP level 2. HP: 26/27 MP: 1/1
   363 | D:1      | Found a faded altar of an unknown god.
   544 | D:1      | Reached skill level 3 in Axes
   928 | D:2      | Reached XP level 3. HP: 33/33 MP: 2/2
  1061 | D:2      | Noticed Natasha
  1064 | D:2      | Killed Natasha
  1065 | D:2      | Reached skill level 4 in Axes
  1227 | D:2      | Reached XP level 4. HP: 22/41 MP: 3/3
  1599 | D:2      | Noticed Natasha
  1604 | D:2      | Killed Natasha
  2125 | D:3      | Reached XP level 5. HP: 46/47 MP: 4/4
  2280 | D:3      | Reached skill level 5 in Axes
  2288 | D:3      | Found a glowing drain.
  2327 | Sewer    | Entered a sewer
  2561 | Sewer    | Reached skill level 5 in Fighting
  2561 | Sewer    | Reached skill level 5 in Armour
  2561 | Sewer    | Reached XP level 6. HP: 43/56 MP: 5/5
  2643 | Sewer    | Found a white marble altar of Elyvilon.
  2994 | D:3      | Noticed Jessica
  2999 | D:3      | Reached skill level 6 in Axes
  2999 | D:3      | Killed Jessica
  3612 | D:4      | Reached XP level 7. HP: 62/62 MP: 6/6
  3701 | D:4      | Reached skill level 7 in Axes
  4126 | D:5      | Entered Level 5 of the Dungeon
  4309 | D:5      | Reached skill level 8 in Axes
  4323 | D:5      | Reached XP level 8. HP: 42/71 MP: 7/7
  4919 | D:6      | Found a broken altar of Ashenzari.
  5023 | D:6      | Found a staircase to the Ecumenical Temple.
  5035 | D:6      | Reached skill level 9 in Axes
  5061 | Temple   | Entered the Ecumenical Temple
  5181 | Temple   | Became a worshipper of Qazlal Stormbringer
  5263 | D:6      | Reached skill level 1 in Evocations
  5687 | D:6      | Noticed Menkaure
  5698 | D:6      | Killed Menkaure
  5970 | D:6      | Found a bloodstained altar of Trog.
  5970 | D:6      | Found a blossoming altar of Fedhas.
  5970 | D:6      | Noticed Grinder
  5979 | D:6      | Paralysed by Grinder for 5 turns
  5985 | D:6      | Paralysed by Grinder for 4 turns
  5990 | D:6      | Killed Grinder
  5991 | D:6      | Reached skill level 5 in Evocations
  6216 | D:6      | Reached XP level 9. HP: 68/79 MP: 8/8
  6443 | D:7      | Identified the +2 ring mail "Fowiet" {rF++ rCorr}
  6669 | D:7      | Reached skill level 1 in Invocations
  7241 | D:7      | Found Tuatif's Vocational Training.
  7402 | D:7      | Reached skill level 10 in Axes
  7528 | D:8      | HP: 4/81 [gnoll sergeant/+0 spear (10)]
  8305 | D:8      | Found Tudeq's Gadget Gallery.
  8417 | D:9      | Reached XP level 10. HP: 55/88 MP: 11/11
  8551 | D:9      | Identified the +1 pair of gloves "Eciuba Raepp" {rElec}
  8687 | D:9      | Reached * piety under Qazlal
  8810 | D:9      | Reached skill level 11 in Axes
  8940 | D:9      | Found a staircase to the Lair.
  8984 | D:9      | Reached ** piety under Qazlal
  9144 | D:9      | Found a glowing silver altar of Zin.
  9319 | D:10     | Entered Level 10 of the Dungeon
  9340 | D:10     | Reached skill level 12 in Axes
  9903 | D:10     | Noticed a boulder beetle
  9907 | D:10     | Reached skill level 5 in Invocations
  9931 | D:10     | Killed a boulder beetle
  9932 | D:10     | Reached XP level 11. HP: 32/97 MP: 13/13
 10071 | D:10     | Found an iron altar of Okawaru.
 10504 | D:11     | Noticed a two-headed ogre
 10511 | D:11     | Noticed an eight-headed hydra
 10513 | D:11     | Killed a two-headed ogre
 10514 | D:11     | Reached skill level 13 in Axes
 10611 | D:11     | Killed an eight-headed hydra
 10612 | D:11     | Reached skill level 10 in Fighting
 10612 | D:11     | Reached skill level 10 in Armour
 10673 | D:11     | Found a staircase to the Orcish Mines.
 11407 | Lair:1   | Entered Level 1 of the Lair of Beasts
 11411 | Lair:1   | Noticed an eight-headed hydra
 11424 | Lair:1   | Killed a 12-headed hydra
 11508 | Lair:1   | Identified the +6 plate armour of the Slightly Bent {Dex+2}
 11590 | Lair:1   | Reached skill level 14 in Axes
 11872 | Lair:1   | Identified the +0 scale mail "Ducogg" {-Cast Dex+6}
 11908 | Lair:1   | Noticed Fannar
 11957 | Lair:1   | Identified the +0 scale mail "Akopuibb" {Fly rN+ Dex+3}
 12058 | Lair:1   | Killed Fannar
 12059 | Lair:1   | Reached XP level 12. HP: 53/108 MP: 13/16
 12543 | Lair:2   | Reached skill level 15 in Axes
 12618 | Lair:2   | You fall into a shaft and drop 1 floor!
 12663 | Lair:3   | Noticed Gastronok
 12667 | Lair:3   | Reached *** piety under Qazlal
 12688 | Lair:3   | Killed Gastronok
 12768 | Lair:2   | Found a hole to the Spider Nest.
 12940 | Lair:2   | Noticed a four-headed hydra
 12948 | Lair:2   | Killed a five-headed hydra
 13064 | Lair:2   | Reached skill level 16 in Axes
 13673 | Lair:3   | Noticed an alligator
 13675 | Lair:3   | Noticed an alligator
 13685 | Lair:3   | Killed an alligator
 13686 | Lair:3   | Reached XP level 13. HP: 29/118 MP: 11/18
 13820 | Lair:3   | Found a staircase to the Shoals.
 14778 | Lair:4   | Reached skill level 17 in Axes
 15412 | Lair:5   | Entered Level 5 of the Lair of Beasts
 15435 | Lair:5   | Noticed Urug
 15503 | Lair:5   | Killed Urug
 15745 | Lair:5   | Reached **** piety under Qazlal
 15828 | Lair:5   | Reached skill level 18 in Axes
 15867 | Lair:5   | Reached XP level 14. HP: 108/129 MP: 20/20
 15979 | Lair:5   | Reached skill level 10 in Invocations
 16147 | Lair:5   | Found a staircase to the Slime Pits.
 16148 | Lair:5   | Found a viscous altar of Jiyva.
 16163 | Lair:5   | Reached ***** piety under Qazlal
 16345 | Lair:5   | Paralysed by a hornet for 1 turns
 16817 | D:12     | Identified a scroll of acquirement
 16819 | D:12     | Acquired the +4 executioner's axe of the Twisting Asp
                  | {freeze, Dex+4 SInv}
 16891 | D:12     | Reached skill level 1 in Dodging
 17063 | D:12     | Identified the +1 scale mail of Beffaoka {rF+}
 17098 | D:12     | Noticed Jorgrun
 17116 | D:12     | Killed Jorgrun
 17658 | D:13     | Noticed Frances
 17670 | D:13     | Killed Frances
 18129 | D:13     | Reached skill level 15 in Armour
 18153 | D:13     | Found a gate to the Vaults.
 18255 | D:14     | Reached skill level 15 in Fighting
 18479 | D:14     | Reached XP level 15. HP: 141/141 MP: 22/22
 18554 | D:14     | Found a frozen archway.
 18608 | IceCv    | Entered an ice cave
 19046 | D:14     | Found a bloodstained altar of Trog.
 19130 | D:15     | Entered Level 15 of the Dungeon
 19158 | D:15     | Reached skill level 5 in Dodging
 19173 | D:15     | Reached ****** piety under Qazlal
 19261 | D:15     | Found a runed translucent gate.
 19358 | D:15     | Paralysed by an orc sorcerer for 3 turns
 19384 | D:15     | Found a staircase to the Depths.
 19752 | D:15     | Found Zuceg's Antique Armour Boutique.
 19759 | D:15     | Bought a pair of brightly glowing boots for 275 gold pieces
 19759 | D:15     | Identified the +1 pair of boots "Ditov" {*Corrode rPois
                  | Str+2 Dex+3} (You bought it in a shop on level 15 of the
                  | Dungeon)
 19929 | D:15     | Found a runed translucent gate.
 19930 | D:15     | Found a runed translucent gate.
 19931 | D:15     | Found an opulent altar of Gozag.
 19933 | D:15     | Found Izatiwk's Assorted Antiques.
 19934 | D:15     | Noticed Semoopse's ghost (adept GrEE)
 20093 | Orc:1    | Entered Level 1 of the Orcish Mines
 20099 | Orc:1    | Reached skill level 19 in Axes
 20241 | Orc:1    | Noticed Maurice
 20250 | Orc:1    | Killed Maurice
 20278 | Orc:1    | Found a transporter.
 20281 | Orc:1    | Noticed Wirphemij's ghost (journeyman DgFi)
 20286 | Orc:1    | Found a transporter.
 20435 | Orc:2    | Entered Level 2 of the Orcish Mines
 20668 | Orc:2    | Noticed Saint Roka
 20672 | Orc:2    | Found Lytrunal's Antique Weapon Emporium.
 20689 | Orc:2    | Killed Saint Roka
 20700 | Orc:2    | Found Keufreno's Book Emporium.
 20805 | Orc:2    | Found Meig's General Store.
 20911 | Orc:2    | Found a staircase to the Elven Halls.
 20964 | Orc:2    | Found a runed translucent door.
 21121 | Orc:2    | Found Hyoj's Antique Armour Emporium.
 21418 | Orc:2    | Paralysed by an orc sorcerer for 5 turns
 21446 | Orc:2    | Identified the +1 ring mail of Ocoh {Fly}
 21687 | Spider:1 | Entered Level 1 of the Spider Nest
 21822 | Spider:1 | Reached XP level 16. HP: 135/151 MP: 24/24
 22386 | Spider:1 | Reached skill level 20 in Axes
 22726 | Spider:4 | Entered Level 4 of the Spider Nest
 22754 | Spider:4 | Reached skill level 10 in Dodging
 23073 | Spider:4 | Noticed Nikola
 23085 | Spider:4 | Killed Nikola
 23232 | Spider:4 | Reached XP level 17. HP: 158/158 MP: 0/26
 23254 | Spider:4 | Reached skill level 21 in Axes
 23555 | Spider:4 | Got a gossamer rune of Zot
 23766 | Shoals:1 | Entered Level 1 of the Shoals
 23841 | Shoals:1 | Found Pipnetac's CLEARANCE SALE!.
 23958 | Shoals:1 | Identified the +2 scale mail of the Thistle {rF- Str+5}
 23991 | Shoals:1 | HP: 6/158 [water nymph/the raging water (19)]
 24157 | Shoals:2 | Identified Roxanne's Grimoire of Forms
 24157 | Shoals:2 | Noticed Roxanne
 24158 | Shoals:2 | Noticed Polyphemus
 24165 | Shoals:2 | Identified the +0 flail "Jagos" {vorpal, rElec rC+ rN++
                  | Dex-3}
 24643 | Shoals:2 | Noticed Ilsuiw
 24671 | Shoals:2 | Killed Polyphemus
 24685 | Shoals:2 | Killed Ilsuiw
 25361 | Shoals:3 | Noticed Mlioglotl
 25382 | Shoals:3 | Killed Mlioglotl
 25387 | Shoals:3 | Noticed Aizul
 25403 | Shoals:3 | Killed Aizul
 25473 | Shoals:4 | Entered Level 4 of the Shoals
 25686 | Shoals:4 | Reached skill level 22 in Axes
 25793 | Shoals:4 | Reached XP level 18. HP: 137/169 MP: 27/27
 25884 | Shoals:4 | Identified the +5 hand axe of Melee {flame, Fly rPois rC+
                  | rCorr Stlth-}
 25936 | Shoals:4 | Identified the +5 flail of the Living Dead {flame, rF+}
 25936 | Shoals:4 | Noticed Kirke
 25965 | Shoals:4 | Killed Kirke
 26038 | Shoals:4 | Found Gihim's Armour Boutique.
 26087 | Shoals:4 | Identified the +1 ring mail "Feucs" {Drain rC++ Will+
                  | Str+2}
 26182 | Shoals:4 | Got a barnacled rune of Zot
 26466 | Orc:2    | Bought glowing gold dragon scales for 2407 gold pieces
 26609 | Depths:1 | Entered Level 1 of the Depths
 26609 | Depths:1 | Noticed Kuys's ghost (veteran NaVM)
 26618 | Depths:1 | Found a runed translucent door.
 26800 | Depths:1 | Slain by a frost giant

Illustrated notes

Levels and vault maps discovered:
D:1:      lemuel_arrival_cross, layout_loops_ring,
          chequers_ecumenical_altar_simple
D:2:      layout_basic, uniq_natasha
D:3:      layout_basic, gup_sewer_entry_bubbles, chequers_garden,
          lexackson_kobold_supper, uniq_jessica
D:4:      layout_rooms
D:5:      layout_cave_pools
D:6:      layout_basic, evilmike_ruin_ashenzari,
          gammafunk_temple_overflow_pools, minmay_temple_entry_stoned_glass,
          nicolae_concentric_dashed_squares_mild, uniq_grinder, uniq_menkaure
D:7:      layout_loops_ring, nicolae_shop_vocational
D:8:      layout_basic, st_stairs_11, nicolae_shop_gadgets
D:9:      layout_roguey [special_room_orc], zin_treasury, lair_entry_dummy
D:10:     layout_long_grid, okawaru_humans
D:11:     layout_basic, orc_0_dummy
D:12:     layout_long_grid, uniq_jorgrun
D:13:     layout_basic, david_vaults_2, grunt_ministairs_13, uniq_frances
D:14:     layout_basic, hangedman_decor_lopped,
          portal_ice_cave_entry_horrid_things, palyth_stone_intersect,
          bloody_trog
D:15:     grunt_enter_depths_magical_seal, layout_basic, ebering_ghost_gozag,
          nrook_pool_corridor, serial_shops, shop, minmay_misc_feat_nine_boxes,
          corexii_hall_statues_x
Temple:   minmay_crystal_spiral_temple
Lair:1:   layout_cave_pods, amcnicky_mini_pool_medium, serial_bayou_shore_b,
          uniq_fannar
Lair:2:   layout_regular_city, spider_nest_entry_rubble
Lair:3:   onia_ninara_swampy_vault, layout_loops_ring, shoals_dummy_entry,
          st_stairs_3, uniq_gastronok
Lair:4:   layout_roguey [special_room_bee], chequers_serial_rivers_marsh
Lair:5:   minmay_lair_end_enchanted_forest, layout_long_grid, slime_entry_1,
          small_statue_intersection, chequers_serial_rivers_room_b,
          grunt_megastairs_5, lemuel_fruit_tree, infiniplex_staircase_pool_2,
          lemuel_fruit_fields, uniq_urug
Shoals:1: layout_shoals, nicolae_shop_clearance
Shoals:2: layout_shoals, nicolae_shoals_aquamancer_cove, uniq_roxanne,
          uniq_ilsuiw, uniq_polyphemus
Shoals:3: layout_shoals, uniq_aizul, uniq_mlioglotl
Shoals:4: shoals_end_grunt_ice, layout_shoals, serial_shops, nicolae_shop_trees,
          nicolae_shoals_lost_giant_hut, nicolae_shoals_water_shrine, uniq_kirke
Spider:1: spider_temple_joshua
Spider:2: layout_spider_delve, nicolae_spider_wall_of_niches
Spider:3: layout_spider_delve, nicolae_spider_cling_halls
Spider:4: grunt_spider_rune_island, drop_trap, uniq_nikola
Orc:1:    layout_caves, gammafunk_ghost_smash, basic_altar, uniq_maurice,
          uniq_sonja
Orc:2:    grunt_orc_cross, layout_diamond_mine, lightli_church_of_beogh
Depths:1: layout_cave_pools, enter_ziggurat_d, hellmonk_ghost_big_iron,
          nicolae_uskayaw_murder_on_the_dancefloor, lightli_too_deep,
          nemelex_spade_bored_becter

Skill      XL: |  1  2  3  4  5  6  7  8  9 10 11 12 13 14 15 16 17 |
---------------+----------------------------------------------------+-----
Axes           | 3 4 5 6 8 9 10 12 14 16 18 19 20 22 | 22.5
Fighting       | 4 5 6 7 8 9 10 12 13 15 16 17 | 17.5
Armour         | 4 5 6 7 8 9 11 12 13 15 16 17 | 17.4
Evocations     | 5 6 |  6.0
Invocations    | 3 5 6 8 9 10 12 14 | 14.0
Shields        | 4 |  4.9
Dodging        | 4 7 10 13 | 13.6

Action                   |  1- 3 |  4- 6 |  7- 9 | 10-12 | 13-15 | 16-18 || total
-------------------------+-------+-------+-------+-------+-------+-------++-------
Melee: War axe           |    51 |   126 |   151 |       |       |       ||   328
       Headbutt          |     5 |    22 |    34 |   104 |   231 |   217 ||   613
       Broad axe         |       |       |    79 |   456 |   444 |       ||   979
       Unarmed           |       |       |     4 |       |       |       ||     4
       Executioner's axe |       |       |       |       |   436 |   853 ||  1289
Throw: Boomerang         |       |       |       |     2 |       |       ||     2
Invok: Upheaval          |       |       |       |    11 |     9 |    15 ||    35
       Disaster Area     |       |       |       |       |     5 |     8 ||    13
Evoke: Wand              |       |       |     6 |     7 |       |    15 ||    28
       Condenser vane    |       |       |       |       |       |     2 ||     2
  Use: Scroll            |       |       |     7 |    12 |     4 |    11 ||    34
       Potion            |       |       |       |     2 |     3 |     7 ||    12
 Stab: Petrifying        |       |       |       |       |       |     1 ||     1
Armor: Scale mail        |    19 |    46 |    51 |       |       |       ||   116
       Plate armour      |       |       |   108 |   315 |   590 |   450 ||  1463
       Skin              |       |       |     6 |       |       |       ||     6
       Gold dragon scale |       |       |       |       |       |    33 ||    33
Dodge: Dodged            |    12 |    65 |    91 |   191 |   485 |   834 ||  1678
       Repelled          |       |       |       |       |     5 |    13 ||    18
Block: Buckler           |    13 |    23 |    48 |   216 |   209 |       ||   509
       Kite shield       |       |       |     5 |       |       |       ||     5
       Other             |       |       |       |       |   158 |   314 ||   472

Table legend: (Time is in decaauts)
 A = Elapsed time spent in this place.
 B = Non-inter-level travel time spent in this place.
 C = Inter-level travel time spent in this place.
 D = Time resting spent in this place.
 E = Time spent auto-exploring this place.
 F = Levels seen in this place.
 G = Mean time per level.
                   A        B        C        D        E       F      G
               +--------+--------+--------+--------+--------+-----+--------+
         Total |  26911 |  25135 |   1776 |   2949 |  16795 |  34 |  791.5 |
       Dungeon |  14739 |  13843 |    896 |   1532 |  10028 |  15 |  982.6 |
        Temple |    190 |    121 |     69 |      0 |     99 |   1 |  190.0 |
          Lair |   5465 |   5119 |    346 |    578 |   3464 |   5 | 1093.0 |
        Shoals |   2538 |   2394 |    144 |    457 |   1054 |   4 |  634.5 |
   Spider Nest |   1928 |   1787 |    141 |    204 |    882 |   4 |  482.0 |
  Orcish Mines |   1574 |   1397 |    177 |     22 |   1090 |   2 |  787.0 |
        Depths |     81 |     81 |      0 |      0 |     13 |   1 |   81.0 |
         Sewer |    388 |    388 |      0 |    156 |    164 |   1 |  388.0 |
      Ice Cave |      2 |      2 |      0 |      0 |      0 |   1 |    2.0 |
               +--------+--------+--------+--------+--------+-----+--------+

Top non-repeatable levels by time:
     D:6: 1403 daAuts
     D:2: 1384 daAuts
  Lair:3: 1329 daAuts
     D:7: 1249 daAuts
   Orc:2: 1223 daAuts
    D:10: 1160 daAuts
  Lair:1: 1142 daAuts
  Lair:5: 1125 daAuts
  Lair:2: 1116 daAuts
     D:3: 1111 daAuts
     D:9: 1094 daAuts
    D:11: 1059 daAuts
    D:15: 1026 daAuts
    D:14: 934 daAuts
Shoals:1: 883 daAuts
